 Dungeon Crawl Stone Soup version 0.20.1-1-g8b1a95d (console) character file.

4391 hilaritas the Cleaver (level 10, -4/82 HPs)
             Began as a Formicid Fighter on Jan 24, 2018.
             Was a Believer of Okawaru.
             Slain by an orc warrior
             ... wielding a +0 glaive
              (22 damage)
             ... on level 8 of the Dungeon.
             The game lasted 00:21:49 (8049 turns).

hilaritas the Cleaver (Formicid Fighter)            Turns: 8049, Time: 00:21:49

Health: -4/82      AC: 13    Str: 25    XL:     10   Next: 61%
Magic:  11/13      EV: 10    Int:  7    God:    Okawaru [**....]
Gold:   403        SH: 14    Dex: 10    Spells: 9/9 levels left

rFire    . . .     SeeInvis +   a - +0 war axe
rCold    . . .     Gourm    .   c - +1 shield
rNeg     . . .     Faith    .   l - +0 chain mail
rPois    .         Spirit   .   (helmet unavailable)
rElec    .         Reflect  .   (no cloak)
rCorr    .         Harm     .   (no gloves)
MR       ++...                  p - +0 pair of boots
Stlth    ..........             (no amulet)
Regen    0.3/turn               B - ring of protection from magic
MPRegen  0.2/turn               (no ring)

@: heroism
A: permanent stasis, dig shafts and tunnels, four strong arms, antennae 3
a: Dig, Shaft Self, Heroism, Renounce Religion


You were on level 8 of the Dungeon.
You worshipped Okawaru.
Okawaru was pleased with you.
You were not hungry.

You visited 2 branches of the dungeon, and saw 9 of its levels.
You also visited: Ossuary.

You collected 403 gold pieces.

Inventory:

Hand Weapons
 a - a +0 war axe (weapon)
 i - a +0 whip
Missiles
 D - 4 tomahawks (quivered)
Armour
 c - a +1 shield (worn)
 l - a +0 chain mail (worn)
 p - a +0 pair of boots (worn)
Jewellery
 g - an uncursed ring of stealth
 r - an uncursed ring of fire
 B - a ring of protection from magic (left hand)
Wands
 e - a wand of polymorph (11/24)
 o - a wand of iceblast (8/15)
 w - a wand of flame (20/48)
 y - a wand of confusion (15/48)
Scrolls
 b - 3 scrolls of recharging
 k - 2 scrolls of amnesia
 q - 5 scrolls of enchant armour
 u - a scroll of remove curse
Potions
 d - a potion of mutation
 h - a potion of brilliance
 s - a potion of agility
 v - a potion of ambrosia
 x - a potion of curing
 z - a potion of magic
 A - a potion of cancellation
 C - a potion of invisibility
Comestibles
 f - 7 bread rations
 j - 6 meat rations
 m - 6 fruits
 n - 5 royal jellies
 E - 2 chunks of flesh


   Skills:
 * Level 8.4(13.4) Fighting
 - Level 10.0(15.0) Axes
 + Level 6.0(11.0) Armour
 + Level 8.4(13.4) Shields
 * Level 4.0 Invocations


You had 9 spell levels left.
You didn't know any spells.

Dungeon Overview and Level Annotations

Branches:
Dungeon (8/15)             Temple (1/1) D:6
   Lair: D:8-11

Altars:
Ashenzari
Cheibriados
Dithmenos
Elyvilon
Fedhas
Gozag
Hepliaklqana
Makhleb
Nemelex Xobeh
Okawaru
Qazlal
Ru
Sif Muna
Trog
Uskayaw
Vehumet
Xom
Yredelemnul
The Shining One

Shops:
D:6 *


Innate Abilities, Weirdness & Mutations

You cannot be hasted, slowed, berserked, paralysed or teleported.
You can dig through walls and to a lower floor.
Your four strong arms can wield two-handed weapons with a shield.
You have a pair of large antennae on your head. (SInv)


Message History

The hound barks!
An orc warrior comes into view. It is wielding a glaive.
The orc warrior shouts!
You slash the hound!
The hound is almost dead.
You block the hound's attack.
An orc priest comes into view. It is wielding a club.
Your chain mail prevents you from hitting the hound.
The hound is almost dead.
The orc priest shouts!
The hound closely misses you. You block the hound's attack.
You closely miss the hound.
The hound is almost dead.
The orc warrior hits you from afar with a glaive!
The hound bites you.
Unknown command.
You gain the combat prowess of a mighty hero.
You block the hound's attack.
The orc warrior hits you from afar with a glaive!!
You die...

..# #.. 5O#### #....#
#..#.# #{.#.# #
#{.#.#.# #......#
##############.(#####
..........@hoo(.......
######.#####.#.######
#.#####.#...
#.##...##8..8#
##......# .....#
#.......# #..###
#.......# ...
#....)..# #....<..#
#########


You could see an orc warrior, a hound and an orc priest.

Vanquished Creatures
  A two-headed ogre (D:8)
  The ghost of hilaritas the Gouger, a novice FeFi of Makhleb (D:6)
  Grinder (D:5)
  A human (D:7)
  4 hogs (D:7)
  Duvessa (D:5)
  An orc warrior (D:6)
  3 phantoms
  An eye of draining (D:7)
  A sky beast (D:4)
  An ogre (D:8)
  2 centaurs
  2 bullfrogs (D:7)
  An elf zombie (Ossuary)
  Dowan (D:5)
  A scorpion (D:8)
  4 killer bees (D:7)
  A howler monkey (D:5)
  A centaur zombie (Ossuary)
  2 crimson imps
  A hound (D:4)
  A human zombie (Ossuary)
  2 jellies (D:5)
  An orc priest (D:3)
  3 iron imps (D:6)
  7 orc wizards
  Terence (D:3)
  Jessica (D:3)
  Ijyb (D:3)
  An iguana (D:7)
  8 worker ants
  2 big kobold zombies (Ossuary)
  A hound zombie (D:5)
  A hound skeleton (D:6)
  2 mummies (Ossuary)
  A worker ant zombie (D:5)
  Robin (D:4)
  4 gnolls (D:6)
  8 adders
  A howler monkey skeleton (D:6)
  4 shadow imps
  6 oozes
  An adder zombie (Ossuary)
  A worm (D:5)
  A dart slug (D:3)
  5 leopard geckos
  21 orcs
  A ball python (D:3)
  6 giant cockroaches
  2 gnoll zombies (D:3)
  8 hobgoblins
  6 jackals
  A quokka (D:4)
  11 bats
  5 frilled lizards
  15 goblins
  5 goblin zombies
  6 hobgoblin zombies (Ossuary)
  A jackal skeleton (D:4)
  5 kobolds
  13 kobold zombies (Ossuary)
  9 orc zombies (Ossuary)
  A quokka skeleton (D:6)
  9 rats
222 creatures vanquished.

Notes
Turn   | Place    | Note
-------+----------+-------------------------------------------
     0 | D:1      | hilaritas the Formicid Fighter began the quest for the Orb.
     0 | D:1      | Reached XP level 1. HP: 18/18 MP: 1/1
     0 | D:1      | Noticed a ghoul
     2 | D:1      | Noticed a felid
     6 | D:1      | Noticed a minotaur skeleton
    20 | D:1      | Noticed a minotaur zombie
    80 | D:1      | Reached XP level 2. HP: 7/24 MP: 2/2
   704 | D:1      | Reached XP level 3. HP: 29/29 MP: 3/3
  1298 | D:2      | Reached skill level 3 in Axes
  1661 | D:2      | Reached XP level 4. HP: 24/35 MP: 4/4
  2089 | D:3      | Noticed Terence
  2103 | D:3      | Killed Terence
  2103 | D:3      | Reached XP level 5. HP: 41/42 MP: 5/5
  2315 | D:3      | Noticed Ijyb
  2338 | D:3      | Killed Ijyb
  2338 | D:3      | Reached skill level 4 in Axes
  2477 | D:3      | Reached skill level 5 in Shields
  2477 | D:3      | Reached XP level 6. HP: 48/48 MP: 6/6
  2658 | D:3      | Noticed Jessica
  2672 | D:3      | Killed Jessica
  2672 | D:3      | Reached skill level 5 in Axes
  2714 | D:3      | Found a shadowy altar of Dithmenos.
  2778 | D:3      | Found a shattered altar of Ashenzari.
  2913 | D:3      | Found a basalt altar of Yredelemnul.
  3532 | D:4      | Noticed a phantom
  3559 | D:4      | Killed a phantom
  3559 | D:4      | Reached XP level 7. HP: 48/54 MP: 7/7
  3804 | D:4      | Reached skill level 6 in Axes
  3809 | D:4      | Noticed Robin
  3843 | D:4      | Killed Robin
  4153 | D:4      | Reached skill level 7 in Axes
  4153 | D:4      | Reached XP level 8. HP: 53/60 MP: 8/8
  4467 | D:5      | Entered Level 5 of the Dungeon
  4606 | D:5      | Noticed Duvessa
  4607 | D:5      | Noticed Grinder
  4608 | D:5      | Noticed Dowan
  4623 | D:5      | Killed Grinder
  4623 | D:5      | Reached skill level 8 in Axes
  4625 | D:5      | Killed Duvessa
  4633 | D:5      | Killed Dowan
  4910 | D:5      | Found a white marble altar of Elyvilon.
  4949 | D:5      | Reached skill level 5 in Fighting
  4949 | D:5      | Reached skill level 9 in Axes
  4949 | D:5      | Reached XP level 9. HP: 55/68 MP: 9/9
  4981 | D:5      | Found a sand-covered staircase.
  4989 | Ossuary  | Entered an ossuary
  5527 | D:5      | Reached skill level 10 in Axes
  5645 | D:6      | Noticed hilaritas's ghost (novice FeFi)
  5846 | D:6      | Killed hilaritas's ghost
  6107 | D:6      | Found a blossoming altar of Fedhas.
  6165 | D:6      | Found a staircase to the Ecumenical Temple.
  6174 | Temple   | Entered the Ecumenical Temple
  6198 | Temple   | Became a worshipper of Warmaster Okawaru
  6303 | D:6      | Found a burning altar of Makhleb.
  6375 | D:6      | Found an opulent altar of Gozag.
  6530 | D:6      | Found Gozag's Platinum Reserve.
  6534 | D:6      | Found an opulent altar of Gozag.
  6794 | D:7      | Found a deep blue altar of Sif Muna.
  6917 | D:7      | Reached skill level 1 in Invocations
  6949 | D:7      | Found a shimmering altar of Xom.
  7123 | D:7      | Reached XP level 10. HP: 18/79 MP: 11/11
  7129 | D:7      | Reached * piety under Okawaru
  7423 | D:7      | Reached skill level 5 in Armour
  7993 | D:8      | Noticed a two-headed ogre
  8015 | D:8      | Killed a two-headed ogre
  8015 | D:8      | Reached ** piety under Okawaru
  8049 | D:8      | Slain by an orc warrior

Skill      XL: |  1  2  3  4  5  6  7  8  9 10 |
---------------+-------------------------------+-----
Shields        | 4 5 6 7 8 |  8.4
Axes           | 3 4 5 7 9 10 | 10.0
Fighting       | 4 5 7 8 |  8.4
Armour         | 4 6 |  6.0
Invocations    | 2 4 |  4.0

Action                   |  1- 3 |  4- 6 |  7- 9 | 10-12 || total
-------------------------+-------+-------+-------+-------++-------
Melee: War axe           |   140 |   203 |   442 |    88 ||   873
Throw: Tomahawk          |       |       |       |     6 ||     6
Invok: Heroism           |       |       |       |     3 ||     3
  Use: Scroll            |     6 |       |    12 |     1 ||    19
       Potion            |       |       |     3 |     1 ||     4
  Eat: Chunk             |     2 |     7 |    12 |     3 ||    24
Armor: Scale mail        |    43 |       |       |       ||    43
       Chain mail        |    11 |    77 |   138 |    20 ||   246
Dodge: Dodged            |    41 |    53 |    84 |    12 ||   190
Block: Shield            |    88 |   127 |   222 |    56 ||   493
